 Dungeon Crawl Stone Soup version 0.23.2-40-g277498a001 (webtiles) character file.

Game seed: 12995418453965334815

8215 Amon the Blocker (level 11, -2/69 HPs)
             Began as a Gargoyle Fighter on Oct 4, 2019.
             Was an Initiate of Gozag.
             Slain by a komodo dragon (18 damage)
             ... on level 11 of the Dungeon.
             The game lasted 00:27:04 (9225 turns).

Amon the Blocker (Gargoyle Fighter)                 Turns: 9225, Time: 00:27:05

Health: -2/69      AC: 22    Str: 18    XL:     11   Next: 27%
Magic:  11/11      EV:  8    Int:  9    God:    Gozag
Gold:   2079       SH: 12    Dex: 10    Spells: 10/10 levels left

rFire    + . .     SeeInvis .   y - +5 flail
rCold    . . .     Gourm    .   c - +1 shield
rNeg     + . .     Faith    .   o - +0 chain mail
rPois    ∞         Spirit   .   e - +0 helmet
rElec    +         Reflect  .   (no cloak)
rCorr    .         Harm     .   m - +0 pair of gloves
MR       .....                  (no boots)
Stlth    ..........             x - amulet of the acrobat
HPRegen  0.21/turn              w - ring of protection from fire
MPRegen  0.12/turn              (no ring)

@: about to teleport, gold aura
A: negative energy resistance 1, electricity resistance, weak 2, unbreathing,
petrification resistance, rot immunity, AC +8
a: Potion Petition, Call Merchant, Bribe Branch, Renounce Religion


You were on level 11 of the Dungeon.
You worshipped Gozag.
Gozag was most pleased with you.
You were very full.

You visited 1 branch of the dungeon, and saw 11 of its levels.

You collected 2079 gold pieces.

Inventory:

Hand Weapons
 g - the +7 mace of Keshuant {crush, rC+ MP+9 Int-2}
   (You found it on level 5 of the Dungeon)

   It inflicts extra damage upon your enemies.
   It affects your intelligence (-2).
   It protects you from cold.
   It affects your magic capacity (+9).
 y - a +5 flail (weapon)
Armour
 c - a +1 shield (worn)
 e - a +0 helmet (worn)
 m - a +0 pair of gloves (worn)
 o - a +0 chain mail (worn)
Jewellery
 w - a ring of protection from fire (left hand)
 x - an amulet of the acrobat (around neck)
Wands
 s - a wand of random effects (26)
 t - a wand of polymorph (6)
 u - a wand of iceblast (5)
Scrolls
 d - a scroll of remove curse
 k - 2 scrolls of amnesia
Potions
 b - a potion of flight
 h - a potion of lignification
 i - 3 potions of cancellation
 j - 3 potions of berserk rage
 l - a potion of resistance
 n - a potion of agility
 r - 4 potions of brilliance
 v - 2 potions of might
 z - a potion of ambrosia
 A - a potion of curing {unknown}
Comestibles
 f - 25 rations


   Skills:
 * Level 8.6 Fighting
 + Level 8.7 Maces & Flails
 * Level 8.8 Armour
 * Level 6.0 Dodging
 + Level 2.6 Stealth
 + Level 9.0 Shields


You had 10 spell levels left.
You didn't know any spells.
Your spell library contained the following spells:

 Spells                   Type           Power        Failure   Level  Hunger
 Animate Skeleton         Necr           N/A          100%        1    ##.....
 Magic Dart               Conj           #...         100%        1    ##.....
 Pain                     Necr           #...         100%        1    ##.....
 Sandblast                Erth           #.....       100%        1    ##.....
 Passwall                 Tmut/Erth      #.......     100%        2    ###....
 Searing Ray              Conj           #.....       100%        2    ###....
 Dazzling Spray           Conj/Hex       #.....       100%        3    ####...
 Regeneration             Chrm/Necr      #.........   100%        3    ####...
 Stone Arrow              Conj/Erth      #.....       100%        3    ####...
 Vampiric Draining        Necr           #.........   100%        3    ####...
 Animate Dead             Necr           N/A          100%        4    #####..
 Force Lance              Conj/Tloc      #.......     100%        4    #####..
 Fulminant Prism          Conj/Hex       #.........   100%        4    #####..
 Iskenderun's Mystic Bla  Conj           #.......     100%        4    #####..
 Petrify                  Tmut/Erth      #.......     100%        4    #####..
 Lee's Rapid Deconstruct  Erth           #.........   100%        5    ######.


Dungeon Overview and Level Annotations

Branches:
Dungeon (11/15)            Temple (0/1) D:4             Orc (0/2) D:9
   Lair: D:8-11

Altars:
Cheibriados
Dithmenos
Fedhas
Gozag
Makhleb
Nemelex Xobeh
Okawaru
Qazlal
Ru
Trog
Wu Jian
Zin


Innate Abilities, Weirdness & Mutations

You are resistant to torment.
Your stone body is resilient. (AC +8)
You are immune to poison.
You resist negative energy. (rN+)
You are resistant to electric shocks. (rElec)
You can survive without breathing.
You are immune to petrification.
You are immune to rotting.
You are very weak. (Str -4)


Message History

The white ugly thing engulfs you! The white ugly thing freezes you!
You hit the steam dragon.
The steam dragon is almost dead.
You block the steam dragon's attack.
The steam dragon claws you but does no damage.
The white ugly thing engulfs you but does no damage.
You hit the steam dragon.
You kill the steam dragon!
The white ugly thing barely misses you.
You barely miss the komodo dragon. You block the komodo dragon's attack.
The white ugly thing engulfs you! The white ugly thing freezes you!!
* * * LOW HITPOINT WARNING * * *
You feel much better. The komodo dragon bites you.
* * * LOW HITPOINT WARNING * * *
The white ugly thing engulfs you but does no damage.
Okay, then.
As you read the scroll of teleportation, it crumbles to dust.
You feel strangely unstable. The komodo dragon bites you!!
You die...
Your body crumbles into a pile of gold.

##### ## #...# ###.## #
#.#.#### ###.#..##..
###....###....#....# ##
#.####.##..u....... $
.#### #####.....@lt......
##..###...........#...###
...###........##### ..# $
.........###.#.# ##
######[####..##[# ###
#### ##


You could see a white ugly thing, a komodo dragon and a crocodile.

Vanquished Creatures
  An ugly thing (D:10)
  A centaur zombie (D:10)
  A queen bee (D:10)
  A troll (D:9)
  Grinder (D:6)
  A hornet (D:10)
  A hippogriff (D:7)
  6 yaks
  A wraith (D:10)
  A steam dragon (D:11)
  A soldier ant (D:6)
  Duvessa (D:6)
  2 orc warriors
  2 ice beasts
  2 sky beasts
  A black bear (D:7)
  An ogre (D:7)
  A phantom (D:8)
  3 centaurs
  2 crocodiles
  A big kobold (D:11)
  4 bullfrogs
  A wyvern skeleton (D:9)
  Dowan (D:6)
  3 scorpions
  36 killer bees
  4 howler monkeys
  3 wights (D:11)
  An electric eel (D:10)
  4 crimson imps
  7 hounds
  A bullfrog zombie (D:10)
  4 jellies (D:8)
  A bullfrog skeleton (D:11)
  2 orc priests
  9 orc wizards
  5 iguanas
  5 worker ants
  2 hound skeletons
  A howler monkey zombie (D:10)
  4 gnolls
  14 adders
  A shadow imp (D:3)
  6 oozes
  3 adder skeletons
  An adder zombie (D:6)
  3 worms
  5 dart slugs
  4 leopard geckos
  40 orcs
  4 ball pythons
  5 giant cockroaches
  8 goblins
  10 hobgoblins
  12 jackals
  A quokka (D:3)
  10 bats
  5 frilled lizards
  16 kobolds
  2 leopard gecko skeletons
  16 rats
296 creatures vanquished.

Vanquished Creatures (others)
  A crimson imp (D:4)
  2 adders
  A plant (D:4)
4 creatures vanquished.

Grand Total: 300 creatures vanquished

Notes
Turn   | Place    | Note
-------+----------+-------------------------------------------
     0 | D:1      | Amon the Gargoyle Fighter began the quest for the Orb.
     0 | D:1      | Reached XP level 1. HP: 14/14 MP: 1/1
    46 | D:1      | Reached XP level 2. HP: 17/19 MP: 2/2
   309 | D:1      | Reached XP level 3. HP: 23/24 MP: 3/3
   620 | D:1      | Reached skill level 1 in Dodging
   889 | D:2      | Reached XP level 4. HP: 24/29 MP: 4/4
  1105 | D:2      | Reached skill level 4 in Shields
  1393 | D:2      | Reached XP level 5. HP: 33/33 MP: 5/5
  1402 | D:2      | Found a faded altar of an unknown god.
  1408 | D:2      | Became a worshipper of Gozag Ym Sagoz the Greedy
  1803 | D:3      | Found a blossoming altar of Fedhas.
  2315 | D:4      | Noticed a phantom
  2379 | D:4      | Reached XP level 6. HP: 20/38 MP: 6/6
  2661 | D:4      | Found a glowing silver altar of Zin.
  2756 | D:4      | Found a sparkling altar of Nemelex Xobeh.
  2770 | D:4      | Found a shadowy altar of Dithmenos.
  2816 | D:4      | Found a staircase to the Ecumenical Temple.
  2822 | D:4      | Reached XP level 7. HP: 35/44 MP: 7/7
  2862 | D:4      | Found a burning altar of Makhleb.
  2929 | D:4      | Reached skill level 5 in Shields
  3534 | D:5      | Entered Level 5 of the Dungeon
  3843 | D:5      | Got a jewelled mace
  3844 | D:5      | Identified the +7 mace of Keshuant {crush, rC+ MP+9 Int-2}
                  | (You found it on level 5 of the Dungeon)
  3846 | D:5      | Gained mutation: You are weak. (Str -2) [mutagenic glow]
  3872 | D:5      | Found an ornate altar of the Wu Jian Council.
  3902 | D:5      | Gained mutation: You are very weak. (Str -4) [mutagenic
                  | glow]
  4157 | D:6      | Found a shadowy altar of Dithmenos.
  4157 | D:6      | Noticed Grinder
  4157 | D:6      | Noticed a soldier ant
  4173 | D:6      | Killed a soldier ant
  4189 | D:6      | Paralysed by Grinder for 4 turns
  4202 | D:6      | Killed Grinder
  4202 | D:6      | Reached skill level 5 in Fighting
  4202 | D:6      | Reached skill level 5 in Maces & Flails
  4202 | D:6      | Reached skill level 5 in Armour
  4202 | D:6      | Reached XP level 8. HP: 16/49 MP: 8/8
  4614 | D:6      | Noticed Dowan
  4615 | D:6      | Noticed Duvessa
  4620 | D:6      | Killed Dowan
  4635 | D:6      | Killed Duvessa
  4804 | D:6      | Found a bloodstained altar of Trog.
  5103 | D:6      | Found an iron altar of Okawaru.
  5290 | D:7      | Found a stormy altar of Qazlal.
  5295 | D:7      | Found a sacrificial altar of Ru.
  5383 | D:7      | Reached skill level 1 in Stealth
  5394 | D:7      | Reached skill level 6 in Shields
  5439 | D:6      | Reached XP level 9. HP: 14/55 MP: 9/9
  6284 | D:8      | Found a snail-covered altar of Cheibriados.
  6501 | D:8      | Reached skill level 7 in Shields
  6899 | D:8      | Noticed a lindwurm
  6899 | D:8      | Noticed a lindwurm
  6944 | D:9      | Reached XP level 10. HP: 53/63 MP: 10/10
  7020 | D:9      | Reached skill level 5 in Dodging
  7202 | D:9      | Found a staircase to the Orcish Mines.
  7554 | D:10     | Entered Level 10 of the Dungeon
  7753 | D:9      | Reached skill level 8 in Shields
  7980 | D:10     | Noticed a cyan ugly thing
  7997 | D:10     | Killed a cyan ugly thing
  8223 | D:11     | Reached XP level 11. HP: 66/68 MP: 11/11
  8602 | D:11     | Reached skill level 9 in Shields
  9214 | D:11     | Noticed a white ugly thing
  9222 | D:11     | HP: 1/69 [white ugly thing (29)]
  9225 | D:11     | Slain by a komodo dragon

Skill      XL: |  1  2  3  4  5  6  7  8  9 10 11 |
---------------+----------------------------------+-----
Dodging        | 1 2 3 4 5 6 |  6.0
Shields        | 4 5 6 7 8 9 |  9.0
Fighting       | 4 5 6 7 8 |  8.6
Maces & Flails | 3 5 6 8 |  8.7
Armour         | 4 5 6 7 8 |  8.8
Stealth        | 1 2 |  2.6

Action                   |  1- 3 |  4- 6 |  7- 9 | 10-12 || total
-------------------------+-------+-------+-------+-------++-------
Melee: Flail             |   142 |   166 |       |    13 ||   321
       Mace              |       |   110 |   448 |   443 ||  1001
Invok: Potion Petition   |       |       |     1 |       ||     1
  Use: Scroll            |       |     7 |    10 |     4 ||    21
       Potion            |       |       |     2 |     1 ||     3
 Stab: Distracted        |       |     1 |     2 |     5 ||     8
  Eat: Chunk             |       |     2 |       |       ||     2
       Ration            |       |     2 |     4 |     4 ||    10
Armor: Scale mail        |   109 |   105 |       |       ||   214
       Ring mail         |       |    82 |    83 |       ||   165
       Chain mail        |       |       |   233 |   282 ||   515
Dodge: Dodged            |    53 |   120 |   171 |   166 ||   510
Block: Shield            |    86 |   171 |   298 |   321 ||   876
